 Dungeon Crawl Stone Soup version 0.24-a0-537-g2d01d4ab0a (webtiles) character file.

Game seed: 17241252993429832255

314 Mithandil the Agent of Entropy (level 6, 0/47 HPs)
             Began as a Demonspawn Abyssal Knight on Aug 15, 2019.
             Was a Priest of Lugonu.
             Splashed by a jelly's acid (7 damage)
             ... on level 2 of the Dungeon.
             The game lasted 00:19:39 (1973 turns).

Mithandil the Agent of Entropy (DsAK)               Turns: 1973, Time: 00:19:42

Health: 0/47       AC:  0    Str: 17      XL:     6   Next: 19%
Magic:  0/8        EV: 13    Int: 12 (13) God:    Lugonu [***...]
Gold:   191        SH:  0    Dex: 17 (18) Spells: 5/5 levels left

rFire    . . .     SeeInvis +   a - +1 spear
rCold    . . .     Gourm    .   (no shield)
rNeg     . . .     Faith    .   v - +0 chain mail
rPois    +         Spirit   +   (helmet unavailable)
rElec    +         Reflect  .   (no cloak)
rCorr    .         Harm     .   (no gloves)
MR       .....                  (no boots)
Stlth    ..........             z - amulet of regeneration
HPRegen  0.55/turn              r - +5 ring of strength
MPRegen  0.11/turn              (no ring)

@: agile, corroded
A: antennae 3, poison resistance, powered by pain 1, electricity resistance,
weak 1, magic shield
a: Depart the Abyss, Bend Space, Banish, Renounce Religion


You were on level 2 of the Dungeon.
You worshipped Lugonu.
Lugonu was most pleased with you.
You were hungry.

You visited 1 branch of the dungeon, and saw 4 of its levels.
You visited the Abyss 1 time.

You collected 191 gold pieces.

Inventory:

Hand Weapons
 a - a +1 spear (weapon)
 b - a +0 hunting sling
 o - a +0 flail
 q - a +0 whip
 u - a +0 war axe
 y - a +0 falchion
 C - a +1 short sword of electrocution
Missiles
 g - 41 poisoned darts (quivered)
 l - 137 stones
 n - 14 sling bullets
 D - 17 arrows
Armour
 v - a +0 chain mail (worn)
Jewellery
 r - a +5 ring of strength (left hand)
 z - an amulet of regeneration (around neck)
Wands
 s - a wand of digging (5)
 w - a wand of paralysis (10)
Scrolls
 d - a scroll of identify
 h - a scroll of remove curse
Potions
 t - a potion of flight
 B - 2 potions of might
Miscellaneous
 e - a lightning rod (inert)
Comestibles
 c - 12 rations
 f - a chunk of flesh


   Skills:
 + Level 3.6 Fighting
 * Level 3.4 Polearms
 + Level 1.2 Slings
 + Level 2.5 Armour
 + Level 1.9 Dodging
 + Level 1.6 Stealth
 + Level 1.4 Unarmed Combat
 + Level 3.7 Invocations


You had 5 spell levels left.
You didn't know any spells.
Your spell library was empty.

Dungeon Overview and Level Annotations

Branches:
Dungeon (4/15)
 Temple: D:4-7

Altars:
Dithmenos
Wu Jian


Innate Abilities, Weirdness & Mutations

You have a pair of large antennae on your head. (SInv)
You sometimes gain a little power by taking damage.
When hurt, damage is shared between your health and your magic reserves.
Your system is resistant to poisons. (rPois)
You are resistant to electric shocks. (rElec)
You are weak. (Str -2)


Message History

The thunderbolt hits the ooze!!
You kill the ooze!
Lugonu accepts your kill.
Aiming: Thunderbolt
Press: ? - help, Shift-Dir - straight line, f - ooze
Aim: an ooze The thunderbolt hits the ooze!!
You kill the ooze!
Lugonu accepts your kill.
You can now banish your foes.
Aiming: Thunderbolt
Press: ? - help, Shift-Dir - straight line, f - jelly
Aim: a jelly The thunderbolt hits the jelly!
The jelly is almost dead.
The lightning rod overheats!
An ooze comes into view.
The jelly hits you.
* * * LOW HITPOINT WARNING * * *
You are splashed with acid!
You die...

....#.....#.#************..#
....#.....#.##.P,,,,,,,**..#
....#.....#.##..,,,,,,,*****
....#.....#.##..,,,,,,,*
....#....<#.##.P,,{{,,,*
....#...[.#.##..,,,,,,,*
....'.......##.J,{{,,,,*
....#.#######*#J#######*
....#.# *#@..)..## #####.#
########.# #####'#####
#....'..## *** ##........#
#....#### *,* ##........#
#.......####**,* .#........#
#.......##..,,,* .#........#
#.......##.#**,* ..........#
#.......##.# *,* ..........#
##..†).###.# *,*


You could see a jelly and an ooze.

Vanquished Creatures
  2 jellies (D:2)
  2 orc priests (D:3)
  A hound (D:4)
  A worker ant (D:3)
  A howler monkey skeleton (D:4)
  5 adders
  3 oozes (D:2)
  A worm (D:2)
  A dart slug (D:2)
  3 leopard geckos
  5 orcs (D:3)
  A ball python (D:1)
  6 bats
  2 giant cockroaches (D:1)
  4 goblins
  5 hobgoblins
  2 jackals (D:3)
  18 kobolds
  6 frilled lizards
  4 rats
73 creatures vanquished.

Vanquished Creatures (others)
  7 toadstools (D:2)
7 creatures vanquished.

Grand Total: 80 creatures vanquished

Notes
Turn   | Place    | Note
-------+----------+-------------------------------------------
     0 | Abyss:1  | Mithandil the Demonspawn Abyssal Knight began the quest for
                  | the Orb.
     0 | Abyss:1  | Reached XP level 1. HP: 18/18 MP: 2/2
    44 | Abyss:2  | Found a corrupted altar of Lugonu.
    59 | Abyss:2  | Noticed a large abomination
    64 | D:1      | Escaped the Abyss
    80 | D:1      | Reached skill level 1 in Dodging
   195 | D:1      | Gained mutation: When hurt, damage is shared between your
                  | health and your magic reserves. [demonic ancestry]
   195 | D:1      | Reached XP level 2. HP: 23/24 MP: 3/3
   225 | D:1      | Reached * piety under Lugonu
   320 | D:2      | Found an ornate altar of the Wu Jian Council.
   475 | D:1      | Gained mutation: Your system is resistant to poisons.
                  | (rPois) [potion of mutation]
   475 | D:1      | Gained mutation: You are weak. (Str -2) [potion of
                  | mutation]
   475 | D:1      | Gained mutation: You are resistant to electric shocks.
                  | (rElec) [potion of mutation]
   613 | D:2      | Gained mutation: You sometimes gain a little power by
                  | taking damage. [demonic ancestry]
   613 | D:2      | Reached XP level 3. HP: 29/29 MP: 5/5
   760 | D:4      | Gained mutation: You have a pair of small antennae on your
                  | head. [demonic ancestry]
   760 | D:4      | Reached XP level 4. HP: 20/35 MP: 6/6
  1159 | D:2      | Reached ** piety under Lugonu
  1508 | D:3      | Found a shadowy altar of Dithmenos.
  1523 | D:3      | Reached skill level 1 in Stealth
  1588 | D:4      | Reached skill level 1 in Unarmed Combat
  1613 | D:3      | Gained mutation: You have a pair of antennae on your head.
                  | [demonic ancestry]
  1613 | D:3      | Reached XP level 5. HP: 11/41 MP: 2/7
  1747 | D:4      | Reached skill level 1 in Slings
  1958 | D:2      | Gained mutation: You have a pair of large antennae on your
                  | head. (SInv) [demonic ancestry]
  1958 | D:2      | Reached XP level 6. HP: 42/47 MP: 5/8
  1972 | D:2      | Reached *** piety under Lugonu
  1973 | D:2      | Splashed by a jelly's acid

Levels and vault maps discovered:
D:1:      saegor_arrival_miasma, layout_rooms
D:2:      cheibrodos_fertilizer, layout_basic, lemuel_crystal_altar
D:3:      layout_loops_cross, grunt_dithmenos_smoke, first_ration
D:4:      layout_cave_pools, uniq_blork_the_orc

Skill      XL: |  1  2  3  4  5 |
---------------+----------------+-----
Dodging        | 1 |  1.9
Polearms       | 2 3 |  3.4
Armour         | 2 |  2.5
Invocations    | 3 |  3.7
Stealth        | 1 |  1.6
Unarmed Combat | 1 |  1.4
Slings         | 1 |  1.2
Fighting       | |  3.6

Action                   |  1- 3 |  4- 6 || total
-------------------------+-------+-------++-------
Melee: Spear             |   138 |   190 ||   328
Invok: Depart the Abyss  |     1 |       ||     1
Evoke: Lightning rod     |       |     4 ||     4
  Use: Potion            |     4 |     2 ||     6
       Scroll            |       |     9 ||     9
  Eat: Chunk             |       |     3 ||     3
Armor: Leather armour    |    32 |       ||    32
       Scale mail        |    21 |    13 ||    34
       Chain mail        |       |   100 ||   100
Dodge: Dodged            |    77 |    86 ||   163

Table legend:
 A = Non-vault XP
 B = Vault XP
 C = Vault XP percentage of total XP
 D = Non-vault monster count
 E = Vault monster count
 F = Vault count percentage of total count
                 A         B        C        D         E       F
            +---------+---------+-------+---------+---------+-------
      Total |     331 |     118 |  26.3 |      61 |      12 |  16.4
            +---------+---------+-------+---------+---------+-------
        D:1 |      45 |       0 |   0.0 |      29 |       0 |   0.0
        D:2 |      38 |     118 |  75.6 |      12 |      12 |  50.0
        D:3 |     181 |       0 |   0.0 |      17 |       0 |   0.0
        D:4 |      67 |       0 |   0.0 |       3 |       0 |   0.0
            +---------+---------+-------+---------+---------+-------
